 Dungeon Sprint DCSS version 0.23.1 (webtiles) character file.

Game seed: 6927856010423214012

1309 nuthulu the Grappler (level 8, 79/89 HPs)
             Began as a Troll Berserker on Mar 4, 2019.
             Was a Priest of Trog.
             Got out of the dungeon alive.
             The game lasted 00:02:40 (538 turns).

nuthulu the Grappler (Troll Berserker)               Turns: 538, Time: 00:02:41

Health: 79/89      AC:  0    Str: 28    XL:     8   Next: 32%
Magic:  7/7        EV: 18    Int:  3    God:    Trog [***...]
Gold:   11         SH:  4    Dex:  9    Spells: 7/7 levels left

rFire    . . .     SeeInvis .     - Unarmed
rCold    . . .     Gourm    +   (shield currently unavailable)
rNeg     . . .     Faith    .   (armour currently unavailable)
rPois    .         Spirit   .   (helmet currently unavailable)
rElec    .         Reflect  +   (cloak currently unavailable)
rCorr    .         Harm     .   (gloves unavailable)
MR       ++...     NoTele   +   (boots unavailable)
Stlth    +.........             i - +4 amulet of reflection
HPRegen  1.64/turn              (ring currently unavailable)
MPRegen  0.10/turn              (ring currently unavailable)

@: pig-form, regenerating, very quick
A: small, unfitting armour, fast metabolism 3, gourmand, regeneration 1
a: Berserk, Trog's Hand, Renounce Religion


You escaped.
You worshipped Trog.
Trog was most pleased with you.
You were very full.
You were a filthy swine.
You visited 1 branch You collected 729 gold pieces.
You spent 718 gold pieces at shops.

Inventory:

Armour
 a - a +0 animal skin (melded)
 d - a scarf of cloud immunity (melded)
Jewellery
 i - a +4 amulet of reflection (around neck)
Scrolls
 h - a scroll of blinking
Potions
 e - a potion of haste
 f - 2 potions of magic
 g - a potion of berserk rage
 j - 2 potions of curing
 k - 2 potions of heal wounds
Comestibles
 b - 2 rations


   Skills:
 + Level 8.6 Fighting
 + Level 8.9 Dodging
 + Level 12.2 Unarmed Combat


You had 7 spell levels left.
You didn't know any spells.
Your spell library was empty.

Dungeon Overview and Level Annotations

Branches:
Dungeon (1/1)

Altars:

Shops:
D !::=!?(?}%[!=[*%

Annotations:
D exclusion: oklob plant, Kirke


Innate Abilities, Weirdness & Mutations

You are too large for most types of armour.
((You have claws for hands.))
Your metabolism is lightning-fast.
You like to eat raw meat.
Your natural rate of healing is unusually fast.
((You are covered in fur. (AC +1)))
((You have extremely tough skin. (AC +3)))


Message History

You start waiting.
You are engulfed in freezing vapours.
A skeletal warrior comes into view. It is wielding a +0 glaive.
There is an open gate here.
A kobold demonologist comes into view. It is wielding a +0 dagger.
The kobold demonologist shouts!
A yaktaur captain comes into view.
Really walk into that cloud of freezing vapour? [Y]es or [N]o only, please.
Really walk into that cloud of freezing vapour? [Y]es or [N]o only, please.
Really walk into that cloud of freezing vapour?
Okay, then.
There is an open door here.
There is an open door, spattered with blood here.
There is a staircase leading out of the dungeon here.
Are you sure you want to leave the Dungeon?
This will make you lose the game!
Alright, then stay!
Are you sure you want to leave the Dungeon?
This will make you lose the game!
You have escaped!

##########K≈#'°○#+++##
#########≈≈≈z........#
.∩.∩....#≈≈≈≈.##'##..#
..∩.∩...#≈≈≈≈##...##.####
...∩.∩..#≈≈≈≈#..#..#....#
....∩.⌠.#≈≈####.).####..##
...∩.∩..#≈##. ##'###.##..#
..∩.∩...#≈#..w##.##.#.#..#
.∩.∩....+≈+ #+.h.'###+..###
∩.∩.....#≈#$.w##.##.#.#....###.
▓▓▓▓▓▓###≈##. ##'###.##......≈≈
?HH######≈≈####.#.####≈≈.÷...≈#
%lH#s. ##≈≈≈#..#..#≈≈≈≈≈≈≈..≈#
∩Pl+.)#+ #+#≈###.###≈≈≈≈§≈§≈.≈#
!$.#"##z##(#≈≈##+##≈≈≈≈§≈§§§≈≈#
$.!###zz.####≈≈≈≈≈≈≈§≈§§≈≈≈≈≈≈#
#+###°z.. #+++#+++#≈≈≈≈≈≈≈≈≈#


There were no monsters in sight!

Vanquished Creatures
  A merfolk siren (D)
  An ice statue (D)
  2 hippogriffs (D)
  A vampire mosquito (D)
  A crocodile (D)
  4 worker ants (D)
10 creatures vanquished.

Vanquished Creatures (others)
  Menkaure (D)
  A crocodile (D)
2 creatures vanquished.

Grand Total: 12 creatures vanquished

Notes
Turn   | Place    | Note
-------+----------+-------------------------------------------
     0 | D        | nuthulu the Troll Berserker began the quest for the Orb.
     0 | D        | Reached XP level 1. HP: 22/22 MP: 0/0
     1 | D        | Noticed a worker ant
     1 | D        | Noticed a worker ant
     1 | D        | Noticed a worker ant
     1 | D        | Noticed a worker ant
     8 | D        | Killed a worker ant
     8 | D        | Reached skill level 4 in Unarmed Combat
     8 | D        | Reached XP level 2. HP: 17/31 MP: 1/1
    15 | D        | Reached skill level 5 in Unarmed Combat
    15 | D        | Reached XP level 3. HP: 19/39 MP: 2/2
    15 | D        | Killed Menkaure
    26 | D        | Reached ** piety under Trog
    40 | D        | Reached skill level 6 in Unarmed Combat
    40 | D        | Reached XP level 4. HP: 20/49 MP: 3/3
    52 | D        | Killed a crocodile
   181 | D        | Noticed a tyrant leech
   181 | D        | Noticed a tyrant leech
   184 | D        | Noticed a merfolk siren
   192 | D        | Killed a merfolk siren
   192 | D        | Reached skill level 9 in Unarmed Combat
   192 | D        | Reached XP level 5. HP: 39/62 MP: 4/4
   192 | D        | Reached XP level 6. HP: 45/71 MP: 5/5
   278 | D        | Noticed a hippogriff
   278 | D        | Noticed a hippogriff
   282 | D        | Killed a hippogriff
   282 | D        | Reached *** piety under Trog
   282 | D        | Reached skill level 10 in Unarmed Combat
   282 | D        | Reached XP level 7. HP: 69/78 MP: 6/6
   285 | D        | Killed a hippogriff
   285 | D        | Reached skill level 11 in Unarmed Combat
   324 | D        | Noticed an ice statue
   334 | D        | Found Ganoemn's General Store.
   334 | D        | Found Vukoupho's Food Emporium.
   335 | D        | Found Guuk's Distillery.
   335 | D        | Found Xuekaf's Jewellery Shoppe.
   335 | D        | Found Herokk's Antique Armour Emporium.
   336 | D        | Found Ugargh's Gadget Emporium.
   336 | D        | Found Wat Qiaty's Food Shoppe.
   336 | D        | Found Lath's Magic Scroll Shoppe.
   336 | D        | Found Gaul's Antique Armour Emporium.
   337 | D        | Found Acadur's Magic Scroll Shoppe.
   337 | D        | Found Meidd's Distillery.
   337 | D        | Found Widemu's Antique Weapon Emporium.
   337 | D        | Noticed a manticore
   341 | D        | Found Hawuf's Jewellery Shoppe.
   341 | D        | Found Ruchacsoseh's Book Emporium.
   341 | D        | Noticed a manticore
   341 | D        | Noticed a manticore
   341 | D        | Noticed an oklob plant
   342 | D        | Found Kurhudyu's Distillery.
   342 | D        | Found Gibym's Book Shoppe.
   344 | D        | Noticed a wyvern
   345 | D        | Noticed a wyvern
   347 | D        | Noticed a redback
   349 | D        | Bought a runed scarf for 192 gold pieces
   356 | D        | Bought a +4 amulet of reflection for 270 gold pieces
   359 | D        | Bought a potion of curing for 33 gold pieces
   359 | D        | Bought a potion of curing for 33 gold pieces
   364 | D        | Noticed a flying skull
   364 | D        | Noticed a flying skull
   364 | D        | Noticed a flying skull
   364 | D        | Noticed a flying skull
   365 | D        | Noticed a redback
   365 | D        | Noticed a flying skull
   367 | D        | Bought a potion of heal wounds for 65 gold pieces
   367 | D        | Bought a potion of heal wounds for 65 gold pieces
   375 | D        | Bought a potion of heal wounds for 60 gold pieces
   388 | D        | Noticed a vampire mosquito
   396 | D        | Killed a vampire mosquito
   396 | D        | Reached XP level 8. HP: 71/88 MP: 7/7
   466 | D        | Killed an ice statue
   466 | D        | Reached skill level 12 in Unarmed Combat
   519 | D        | Noticed a fire dragon
   519 | D        | Noticed an elephant
   519 | D        | Noticed a centaur warrior
   519 | D        | Noticed Kirke
   526 | D        | Noticed a skeletal warrior
   527 | D        | Noticed a kobold demonologist
   528 | D        | Noticed a yaktaur captain
   538 | D        | Got out of the dungeon alive.

Skill      XL: |  1  2  3  4  5  6  7  8 |
---------------+-------------------------+-----
Fighting       | 3 4 7 8 |  8.6
Dodging        | 3 4 7 8 |  8.9
Unarmed Combat | 4 5 6 9 10 11 12 | 12.2

Action                   |  1- 3 |  4- 6 |  7- 9 || total
-------------------------+-------+-------+-------++-------
Melee: Unarmed           |    35 |    10 |    17 ||    62
       Punch             |       |       |     1 ||     1
Invok: Trog's Hand       |     1 |       |     2 ||     3
       Berserk           |       |       |     1 ||     1
  Use: Potion            |     2 |       |     1 ||     3
  Eat: Chunk             |       |     5 |     7 ||    12
Armor: Animal skin       |     7 |     1 |     1 ||     9
Dodge: Dodged            |    15 |     6 |    13 ||    34
